 Dungeon Sprint DCSS version 0.23-a0-180-ga5275e7 (webtiles) character file.

101 Fang the Skirmisher (level 4, -13/32 HPs)
             Began as a Gargoyle Berserker on Sept 18, 2018.
             Was a Follower of Trog.
             Shot with a bolt by a yaktaur (17 damage)
             ... in the Dungeon (Sprint V: "Ziggurat Sprint").
             The game lasted 00:00:52 (127 turns).

Fang the Skirmisher (Gargoyle Berserker)             Turns: 127, Time: 00:00:53

Health: -13/32     AC: 20    Str: 39    XL:     4   Next: 75%
Magic:  4/4        EV: 10    Int:  7    God:    Trog [*.....]
Gold:   0          SH:  0    Dex:  9    Spells: 3/3 levels left

rFire    . . .     SeeInvis .   a - +5 hand axe of Severance {venom, +Inv Str+5}
rCold    . . .     Gourm    .   (no shield)
rNeg     + . .     Faith    .   j - +5 shadow dragon scales
rPois    ∞         Spirit   .   (no helmet)
rElec    +         Reflect  .   (no cloak)
rCorr    .         Harm     .   (no gloves)
MR       .....     NoTele   +   (no boots)
Stlth    ++........             (no amulet)
HPRegen  0.10/turn              D - +6 ring of strength
MPRegen  0.09/turn              E - +6 ring of strength

@: no status effects
A: negative energy resistance 1, electricity resistance, unbreathing,
petrification resistance, rot immunity, AC +3
a: Berserk, Renounce Religion, Evoke Invisibility


You were in the Dungeon.
You worshipped Trog.
Trog was aware of your devotion.
You were not hungry.

You visited 1 branch

Inventory:

Hand Weapons
 a - the +5 hand axe of Severance (weapon) {venom, +Inv Str+5}
   (You found it in the Dungeon)

   It poisons the flesh of those it strikes.
   It affects your strength (+5).
   It lets you turn invisible.
 k - a +5 executioner's axe
Armour
 j - +5 shadow dragon scales (worn)
Jewellery
 D - a +6 ring of strength (left hand)
 E - a +6 ring of strength (right hand)
Wands
 w - a wand of disintegration (7)
 x - a wand of iceblast (7)
 y - a wand of acid (7)
Scrolls
 i - 4 scrolls of blinking
 l - 7 scrolls of fog
 m - a scroll of holy word
 n - 5 scrolls of identify
 o - 5 scrolls of remove curse
 p - 2 scrolls of fear
Potions
 d - 10 potions of curing
 e - 9 potions of heal wounds
 f - 6 potions of haste
 g - 7 potions of magic
 h - 3 potions of berserk rage
 q - 2 potions of brilliance
 r - 2 potions of invisibility
 s - 4 potions of resistance
 t - a potion of experience
 u - 5 potions of agility
 v - 5 potions of might
Miscellaneous
 b - a sack of spiders
Comestibles
 c - 7 rations


   Skills:
 + Level 6.9 Fighting
 + Level 5.8 Axes
 + Level 4.0 Armour
 + Level 2.7 Dodging


You had 3 spell levels left.
You didn't know any spells.
Your spell library was empty.

Dungeon Overview and Level Annotations

Branches:
Dungeon (1/1)

Altars:
Ashenzari
Cheibriados
Dithmenos
Elyvilon
Fedhas
Gozag
Hepliaklqana
Kikubaaqudgha
Makhleb
Nemelex Xobeh
Okawaru
Qazlal
Ru
Sif Muna
Trog
Uskayaw
Vehumet
Wu Jian
Xom
Yredelemnul
Zin
The Shining One
Beogh
Jiyva
Lugonu

Annotations:
D 1 transporter


Innate Abilities, Weirdness & Mutations

You are resistant to torment.
Your stone body is resilient. (AC +3)
You are immune to poison.
You resist negative energy. (rN+)
You are resistant to electric shocks. (rElec)
You can survive without breathing.
You are immune to petrification.
You are immune to rotting.


Message History

You enter the transporter and appear at another place. 3 yaktaurs come into view.
The yaktaur shouts!
The yaktaur wields an arbalest.
The yaktaur shoots a bolt.
The bolt closely misses you.
The yaktaur wields an arbalest.
The yaktaur shoots a bolt.
The bolt hits you!!
Ouch! That really hurt!
* * * LOW HITPOINT WARNING * * *
The yaktaur picks up an uncursed staff of poison.
The yaktaur wields an uncursed staff of poison.
Found 2 bolts, Sif Muna's Handbook of Flamy Lightness and a phial of floods.
Found a transporter.
You feel much better.
The yaktaur wields an arbalest.
The yaktaur shoots a bolt.
The bolt hits you!
Ouch! That really hurt!
The yaktaur shoots a bolt.
The bolt hits you.
* * * LOW HITPOINT WARNING * * *
The yaktaur shoots a bolt.
The bolt hits you!
Ouch! That really hurt!
You die...

▓▓▓▓▓▓▓▓▓▓▓▓▓
▓.8©8.▓.8©8.▓
▓.ccc.▓.....▓
▓.....▓.....▓
▓.....▓.....▓
▓.....▓.††..▓
▓.....▓..©..▓
▓..@..▓▓▓▓▓▓▓
▓▓▓▓▓▓▓


You could see 3 yaktaurs.

Vanquished Creatures
  A porcupine (D)
  A river rat (D)
2 creatures vanquished.

Notes
Turn   | Place    | Note
-------+----------+-------------------------------------------
     0 | D        | Found the +6 Majin-Bo {vamp, Archmagi MP+6 Int+6}
     0 | D        | Found the +7 great mace "Firestarter" {inner flame, rF++}
     0 | D        | Fang the Gargoyle Berserker began the quest for the Orb.
     0 | D        | Reached XP level 1. HP: 14/14 MP: 1/1
     3 | D        | Found a blossoming altar of Fedhas.
     4 | D        | Found a viscous altar of Jiyva.
     4 | D        | Found a hazy altar of Hepliaklqana.
     4 | D        | Found a transporter.
     4 | D        | Found an opulent altar of Gozag.
     4 | D        | Found an ancient bone altar of Kikubaaqudgha.
     4 | D        | Found a corrupted altar of Lugonu.
     8 | D        | Found a burning altar of Makhleb.
     9 | D        | Found a sacrificial altar of Ru.
     9 | D        | Found a stormy altar of Qazlal.
     9 | D        | Found a deep blue altar of Sif Muna.
     9 | D        | Found an iron altar of Okawaru.
     9 | D        | Found a bloodstained altar of Trog.
     9 | D        | Found a sparkling altar of Nemelex Xobeh.
    70 | D        | Entered arena 2.
    70 | D        | Noticed a porcupine
    70 | D        | Found a transporter.
    76 | D        | Killed a porcupine
    76 | D        | Reached skill level 6 in Fighting
    76 | D        | Reached skill level 5 in Axes
    76 | D        | Reached XP level 2. HP: 23/23 MP: 2/2
    76 | D        | Reached XP level 3. HP: 28/28 MP: 3/3
    76 | D        | Reached XP level 4. HP: 32/32 MP: 4/4
    84 | D        | Got the +5 hand axe of Severance {venom, +Inv Str+5}
   126 | D        | Entered arena 3.
   126 | D        | Noticed a yaktaur
   126 | D        | Noticed a yaktaur
   126 | D        | Noticed a yaktaur
   126 | D        | Found a transporter.
   127 | D        | Shot with a bolt by a yaktaur

Vault maps used:
D:        sprint_v

Skill      XL: |  1  2  3  4 |
---------------+-------------+-----
Fighting       | 6 |  6.9
Axes           | 5 |  5.8
Armour         | 3 4 |  4.0
Dodging        | 2 |  2.7

Action                   |  1- 3 |  4- 6 || total
-------------------------+-------+-------++-------
Melee: Executioner's axe |     5 |     3 ||     8
Invok: Berserk           |     1 |       ||     1
  Use: Potion            |       |     1 ||     1
Armor: Shadow dragon sca |     3 |     1 ||     4
Dodge: Dodged            |     5 |     3 ||     8

Table legend:
 A = Non-vault XP
 B = Vault XP
 C = Vault XP percentage of total XP
 D = Non-vault monster count
 E = Vault monster count
 F = Vault count percentage of total count
                 A         B        C        D         E       F
            +---------+---------+-------+---------+---------+-------
      Total |       0 |     145 | 100.0 |       0 |       2 | 100.0
            +---------+---------+-------+---------+---------+-------
          D |       0 |     145 | 100.0 |       0 |       2 | 100.0
            +---------+---------+-------+---------+---------+-------
